 Dungeon Crawl Stone Soup version 0.29-a0-231-g945431f764 (webtiles) character file.

Game seed: 1256415474422265775

186 drugrobin the Chopper (level 5, 0/44 HPs)
             Began as a Demigod Fighter on Mar 1, 2022.
             Blown up by Ijyb (15 damage)
             ... with a mindburst bolt
             ... on level 3 of the Dungeon.
             The game lasted 00:03:11 (2727 turns).

drugrobin the Chopper (Demigod Fighter)             Turns: 2727, Time: 00:03:12

Health: 0/44       AC: 10    Str: 21    XL:     5   Next: 15%
Magic:  7/7        EV:  7    Int: 10    God:
Gold:   192        SH:  4    Dex: 13    Spells: 4/4 levels left

rFire   . . .      SeeInvis .   a - +0 war axe
rCold   . . .      Faith    .   c - +0 buckler
rNeg    . . .      Spirit   .   e - +0 chain mail
rPois   .          Reflect  .   k - +0 helmet
rElec   .          Harm     .   (no cloak)
rCorr   .          Rampage  .   (no gloves)
Will    .....                   (no boots)
Stlth   ..........              (no amulet)
HPRegen 0.14/turn               (no ring)
MPRegen 0.10/turn               (no ring)

@: no status effects
A: high MP 1, forlorn, divine attributes
a: no special abilities


You were on level 3 of the Dungeon.
You visited 1 branch of the dungeon, and saw 3 of its levels.

You collected 192 gold pieces.

Inventory:

Hand Weapons
 a - a +0 war axe (weapon)
Missiles
 i - 4 javelins (quivered)
 n - 20 stones
 o - a throwing net
 q - 5 poisoned darts
Armour
 c - a +0 buckler (worn)
 e - a +0 chain mail (worn)
 k - a +0 helmet (worn)
Jewellery
 r - a ring of ice
Scrolls
 f - 2 scrolls of immolation {unknown}
 j - 3 scrolls of identify {unknown}
 l - a scroll of magic mapping {unknown}
 p - a scroll of enchant weapon {unknown}
Potions
 b - 3 potions of curing {unknown}
 d - 4 potions of might
 g - a potion of haste {unknown}
 h - 2 potions of ambrosia {unknown}
 m - a potion of brilliance {unknown}


   Skills:
 - Level 2.9 Fighting
 + Level 4.7 Axes
 - Level 2.9 Armour
 - Level 3.0 Shields


You had 4 spell levels left.
You didn't know any spells.
Your spell library contained the following spells:

 Spells                   Type           Power      Damage    Failure   Level
 Gell's Gravitas          Tloc           0%         N/A       100%        3
 Lesser Beckoning         Tloc           0%         N/A       100%        3
 Teleport Other           Tloc           0%         N/A       100%        3
 Fireball                 Conj/Fire      0%         3d3       100%        5
 Starburst                Conj/Fire      0%         6d3       100%        6
 Ignition                 Fire           0%         3d3       100%        8


Dungeon Overview and Level Annotations

Branches:
Dungeon (3/15)

Annotations:
D:3 Ijyb


Innate Abilities, Weirdness & Mutations

You have an increased reservoir of magic. (+10% MP)
You shall have no god before yourself.
Your divine heritage dramatically boosts your attributes as you level up.


Message History

You hit the jelly.
You kill the jelly!
Your Axes skill increases to level 4!
A jelly comes into view.
Unknown command.
Throw: 4 javelins
Press: ? - help, Q - select action, (/) - cycle Shift-Dir - straight line, f - jelly
Aim: a jelly (89% to hit)
You throw a javelin. The javelin pierces through the jelly!
The jelly is moderately wounded.
Unknown command.
Throw: 3 javelins
Press: ? - help, Q - select action, (/) - cycle Shift-Dir - straight line, f/p - jelly
Aim: a jelly (moderately wounded, 89% to hit)
You throw a javelin. The javelin pierces through the jelly!
The jelly is severely wounded.
Unknown command.
You slash the jelly!
You kill the jelly!
You have reached level 5!
i - 3 javelins (gained 1)
i - 4 javelins (gained 1)
You open the door.
Ijyb the Twisted Goblin comes into view.
She is wielding a +0 dagger and carrying a wand of mindburst (9).
Ijyb shouts!
Ijyb zaps a wand.
Your mind is blasted!
Found 17 gold pieces.
Unknown command.
Ijyb zaps a wand.
Your mind is blasted!
There is an open door here.
Unknown command.
Unknown command.
Unknown command.
Unknown command.
Unknown command.
Unknown command.
There's nothing to close nearby.
There is an escape hatch in the ceiling here.
Ijyb zaps a wand.
Your mind is blasted!
You die...

[...........#.#.#.###.#####.#.###
...#...####.#.....###.#####.#.# #
...#...##<#.#.#.#........##.#.# #
...#....#...#.#.#.##.....'..#.# #
...#....#####.#.#.##.....####.# #
####............#.............#
#....####.......#.....######
#....## #.............# #.....#
#....@..#.....#
#.....###.....÷.......#
#......##.......g.....#
#....#.##..........>..#
#....#.##........#'#+##
#....#..#........#.#
#....##.#.÷......#.#
#....##..........#g#
########.........#.#


You could see Ijyb.

Vanquished Creatures
  2 jellies (D:3)
  4 gnolls
  2 adders
  A worm (D:2)
  2 dart slugs
  4 bats
  5 endoplasms
  A giant cockroach (D:3)
  4 goblins
  3 hobgoblins
  3 kobolds
  4 quokkas
  4 ball pythons
  3 frilled lizards
  5 rats
47 creatures vanquished.

Notes
Turn   | Place    | Note
-------+----------+-------------------------------------------
     0 | D:1      | drugrobin the Demigod Fighter began the quest for the Orb.
     0 | D:1      | Reached XP level 1. HP: 18/18 MP: 3/3
   383 | D:1      | Reached skill level 2 in Axes
   431 | D:1      | Reached XP level 2. HP: 24/25 MP: 4/4
   457 | D:1      | Noticed a shining eye
   462 | D:1      | Noticed a floating eye
   467 | D:1      | Noticed an eye of devastation
   648 | D:1      | Noticed an eye of devastation
  1524 | D:2      | Reached XP level 3. HP: 30/30 MP: 5/5
  1938 | D:3      | Reached skill level 3 in Axes
  2186 | D:3      | Reached XP level 4. HP: 25/37 MP: 6/6
  2648 | D:3      | Reached skill level 4 in Axes
  2706 | D:3      | Reached XP level 5. HP: 44/44 MP: 7/7
  2719 | D:3      | Noticed Ijyb
  2727 | D:3      | Blown up by Ijyb

Illustrated notes

Levels and vault maps discovered:
D:1:      psy_arrival_spokes, layout_basic,
          hellmonk_ecumenical_altar_watching_god
D:2:      layout_loops_cross, basic_altar
D:3:      layout_basic, uniq_ijyb

Skill      XL: |  1  2  3  4 |
---------------+-------------+-----
Axes           | 2 3 4 |  4.7
Shields        | 3 |  3.0
Fighting       | |  2.9
Armour         | |  2.9

Action                   |  1- 3 |  4- 6 || total
-------------------------+-------+-------++-------
Melee: War axe           |    99 |    26 ||   125
Throw: Javelin           |     1 |     5 ||     6
Armor: Chain mail        |    63 |    12 ||    75
Dodge: Dodged            |    33 |     9 ||    42
Block: Buckler           |    28 |     6 ||    34

Table legend: (Time is in decaauts)
 A = Elapsed time spent in this place.
 B = Non-inter-level travel time spent in this place.
 C = Inter-level travel time spent in this place.
 D = Time resting spent in this place.
 E = Time spent auto-exploring this place.
 F = Levels seen in this place.
 G = Mean time per level.
                   A        B        C        D        E       F      G
               +--------+--------+--------+--------+--------+-----+--------+
         Total |   2782 |   2757 |     25 |    516 |   1772 |   3 |  927.3 |
       Dungeon |   2782 |   2757 |     25 |    516 |   1772 |   3 |  927.3 |
               +--------+--------+--------+--------+--------+-----+--------+

Top non-repeatable levels by time:
     D:2: 1256 daAuts
     D:1: 936 daAuts
     D:3: 590 daAuts
